AoeStats
← Pervaris

Arabia

510053489Analyzed
1v1 RM · 2d ago on Sep 29, 2026· 28m 13s· 2 players
Game mode
Random Map
Map size
Tiny (2 player)
Population
200
Speed
Normal
Resources
Standard
Victory
Conquest
Starting age
Dark Age
Ending age
Imperial Age
RankedLock teamsTeams togetherTeam positionsShared explorationLock speedFull tech treeHidden civsTurbo modeCheats
Victory
Defeat
🇩🇰 Wei · Denmark
1126
+16
🇸🇰 Japanese · Slovakia
1123
-16
abcplay
6:19 Loom
9:11 Feudal Age
9:47 Double-Bit Axe
9:50 Man-at-Arms
11:54 Arson
15:40 Fletching
18:17 Wheelbarrow
22:25 Castle Age
20:50 Horse Collar
21:01 Gold Mining
23:24 Bow Saw
23:11 Bodkin Arrow
25:19 Padded Archer Armor
26:32 Gold Shaft Mining
25:58 Heavy Plow
27:47 Squires
27:07 Pikeman
Pervaris
6:24 Loom
8:59 Feudal Age
9:24 Double-Bit Axe
9:42 Horse Collar
17:16 Gold Mining
18:48 Wheelbarrow
18:54 Wheelbarrow
18:58 Stone Mining
19:35 Fletching
23:20 Castle Age
22:29 Scale Barding Armor
22:34 Forging
24:11 Bow Saw
24:37 Heavy Plow
25:05 Chain Barding Armor
25:20 Iron Casting
25:37 Tuntian
26:54 Gold Shaft Mining
Connection lost

Rejoining the realm…

Still unreachable

The connection could not be restored.

Session expired

The server has moved on; the page needs a fresh start.